[Event "ICC tourney 2603 (40 5)"]
[Site "Internet Chess Club"]
[Date "2021.06.12"]
[Round "1"]
[White "ROY, AYUSH:K05-16710940"]
[Black "YIN, HAOXUAN:K05-16009384"]
[Result "1-0"]
[ICCResult "Black checkmated"]
[WhiteElo "1547"]
[BlackElo "776"]
[Opening "QGD: Tarrasch defense"]
[ECO "D32"]
[NIC "TD.10"]
[Time "11:05:01"]
[PlyCount "39"]
[TimeControl "2400+5"]

1. d4 e6 2. c4 d5 3. Nc3 c5 4. e3 Nc6 5. dxc5 Bxc5 6. cxd5 exd5 7. Bb5 d4
8. exd4 Qxd4 9. Qxd4 Bxd4 10. Nge2 Bf6 11. O-O Ne7 12. Bxc6+ Nxc6 13. Nd5
O-O 14. Nxf6+ gxf6 15. Bh6 Re8 16. Nf4 Bf5 17. Nh5 Re6 18. Rfe1 Rae8 19.
Nxf6+ Rxf6 20. Rxe8# { Black checkmated } 1-0

[Event "ICC tourney 2603 (40 5)"]
[Site "Internet Chess Club"]
[Date "2021.06.12"]
[Round "1"]
[White "SELVAM, SWAGATHA:K05-16203181"]
[Black "ZHUANG, KYLE:K05-16368295"]
[Result "0-1"]
[ICCResult "White checkmated"]
[WhiteElo "1289"]
[BlackElo "1637"]
[Opening "King's Indian defense, 3.Nc3"]
[ECO "E61"]
[NIC "KI.80"]
[Time "11:05:10"]
[PlyCount "78"]
[TimeControl "2400+5"]

1. d4 Nf6 2. c4 g6 3. Nc3 Bg7 4. Bf4 d6 5. e4 O-O 6. Nf3 Nbd7 7. Be2 c5 8.
O-O cxd4 9. Nb5 e5 10. Bg5 Nc5 11. Qc2 a6 12. Na3 h6 13. Bh4 g5 14. Bg3
Ncxe4 15. Bd3 Bf5 16. c5 Rc8 17. b4 Qd7 18. Nc4 Nxg3 19. Bxf5 Nxf5 20. cxd6
Nxd6 21. Nfxe5 Qe6 22. Rac1 Nxc4 23. Nxc4 b5 24. Rfe1 Qxc4 25. Qxc4 Rxc4
26. Rxc4 bxc4 27. Rc1 c3 28. Kf1 Re8 29. Rd1 c2 30. Rc1 d3 31. g3 d2 32.
Rxc2 d1=Q+ 33. Kg2 Qxc2 34. a3 g4 35. h3 Qe4+ 36. Kh2 Qf3 37. hxg4 Qxf2+
38. Kh3 Re1 39. Kh4 Rh1# { White checkmated } 0-1

[Event "ICC tourney 2603 (40 5)"]
[Site "Internet Chess Club"]
[Date "2021.06.12"]
[Round "1"]
[White "SASTRY, ARUSH:K05-30017444"]
[Black "SATHISH, PRANAV:K05-16464655"]
[Result "0-1"]
[ICCResult "White checkmated"]
[WhiteElo "1358"]
[BlackElo "1762"]
[Opening "Queen's pawn game"]
[ECO "D00"]
[NIC "QP.07"]
[Time "11:13:04"]
[PlyCount "42"]
[TimeControl "2400+5"]

1. d4 Nf6 2. Nc3 d5 3. Bf4 e6 4. Nf3 c6 5. e3 Bd6 6. Bxd6 Qxd6 7. Bd3 Nbd7
8. O-O O-O 9. Ng5 h6 10. Nf3 e5 11. dxe5 Nxe5 12. Nxe5 Qxe5 13. Re1 Ng4 14.
f4 Qe7 15. h3 Nxe3 16. Qe2 d4 17. Nd1 Re8 18. Kf2 Qh4+ 19. g3 Qxh3 20. Nxe3
dxe3+ 21. Kf3 Bg4# { White checkmated } 0-1

[Event "ICC tourney 2603 (40 5)"]
[Site "Internet Chess Club"]
[Date "2021.06.12"]
[Round "1"]
[White "KANNAN, VIJAY:K05-16132744"]
[Black "XIA, CHENXIANG:K05-16930170"]
[Result "1-0"]
[ICCResult "Black checkmated"]
[WhiteElo "1618"]
[BlackElo "1084"]
[Opening "QGA, 4.Nc3"]
[ECO "D24"]
[NIC "QG.03"]
[Time "11:05:03"]
[PlyCount "135"]
[TimeControl "2400+5"]

1. d4 d5 2. c4 dxc4 3. Nc3 Nf6 4. Nf3 Nc6 5. Bf4 a6 6. e3 Bf5 7. Bxc4 e6 8.
O-O Bd6 9. Bxd6 cxd6 10. Re1 O-O 11. e4 Bg4 12. Be2 Qb6 13. d5 exd5 14.
exd5 Ne7 15. Qd2 Rfe8 16. Nh4 Bxe2 17. Rxe2 h6 18. Rae1 Ng6 19. Nxg6 fxg6
20. Rxe8+ Rxe8 21. Rxe8+ Nxe8 22. h3 Nf6 23. b3 Qa5 24. Qe3 Nxd5 25. Qe6+
Kh7 26. Nxd5 Qxa2 27. Ne7 Qa1+ 28. Kh2 Qe5+ 29. Qxe5 dxe5 30. Nd5 b5 31.
Nc7 a5 32. Nxb5 g5 33. Nd6 Kg6 34. Nb7 Kf5 35. Nxa5 Ke4 36. b4 Kd5 37. Nb7
Kc6 38. Nd8+ Kb5 39. Nf7 Kxb4 40. Nxe5 Kc5 41. Nd7+ Kd6 42. Nb6 Ke5 43. Kg3
Kf5 44. Nc8 h5 45. Nd6+ Ke6 46. Ne8 g6 47. Nc7+ Kf5 48. Nd5 Ke4 49. Ne7 h4+
50. Kg4 Ke5 51. Nxg6+ Kf6 52. Nxh4 gxh4 53. Kxh4 Kg6 54. g4 Kh6 55. f4 Kg6
56. f5+ Kh6 57. g5+ Kg7 58. Kg4 Kf7 59. h4 Kg7 60. h5 Kh7 61. g6+ Kg7 62.
Kg5 Kh8 63. f6 Kg8 64. f7+ Kg7 65. h6+ Kf8 66. h7 Kg7 67. h8=Q+ Kxh8 68.
f8=Q# { Black checkmated } 1-0

[Event "ICC tourney 2603 (40 5)"]
[Site "Internet Chess Club"]
[Date "2021.06.12"]
[Round "1"]
[White "BEAR, NICHOLAS D:K05-16056078"]
[Black "PRASANNA, KEVIN FRANCO:K05-15771571"]
[Result "1-0"]
[ICCResult "Black checkmated"]
[WhiteElo "1714"]
[BlackElo "1346"]
[Opening "Queen's pawn, Mason variation"]
[ECO "D00"]
[NIC "QP.08"]
[Time "11:05:41"]
[PlyCount "83"]
[TimeControl "2400+5"]

1. d4 d5 2. Bf4 Bf5 3. e3 e6 4. c4 Nf6 5. Nc3 Bb4 6. Bd3 Be4 7. Nf3 dxc4 8.
Bxc4 Bxc3+ 9. bxc3 Nd5 10. Bxd5 Bxd5 11. O-O O-O 12. Re1 Bc6 13. Ne5 f6 14.
Nxc6 Nxc6 15. Qb3 Qc8 16. e4 Kh8 17. Rab1 Rb8 18. Bg3 e5 19. d5 Ne7 20. Qa3
Re8 21. Qxa7 Ra8 22. Qxb7 Qxb7 23. Rxb7 Rxa2 24. Rxc7 Rc2 25. h3 Ng6 26. c4
h6 27. c5 Kh7 28. d6 Rd2 29. Rb1 Re2 30. Rbb7 Rxe4 31. Rxg7+ Kh8 32. Rxg6
Rc4 33. Rxh6+ Kg8 34. Rxf6 Rxc5 35. d7 Rd8 36. Re6 Rd5 37. Re8+ Kf7 38.
Rxd8 Ke7 39. Re8+ Kf7 40. d8=Q+ Kg6 41. Rg8+ Kh5 42. Qh4# { Black
checkmated } 1-0

[Event "ICC tourney 2603 (40 5)"]
[Site "Internet Chess Club"]
[Date "2021.06.12"]
[Round "1"]
[White "KRISHNAN, ASHVATH:K05-30042119"]
[Black "WONG, WYATT:K05-17016313"]
[Result "1/2-1/2"]
[ICCResult "Game drawn by repetition"]
[WhiteElo "1138"]
[BlackElo "1620"]
[Opening "Sicilian: Najdorf"]
[ECO "B90"]
[NIC "SI.14"]
[Time "11:05:01"]
[PlyCount "78"]
[TimeControl "2400+5"]

1. e4 c5 2. Nf3 d6 3. d4 cxd4 4. Nxd4 Nf6 5. Nc3 a6 6. f3 e6 7. Be3 b5 8.
Qd2 Bb7 9. O-O-O Nbd7 10. g4 Ne5 11. h4 Be7 12. h5 h6 13. Bg2 Nc4 14. Qe2
Nxe3 15. Qxe3 Nxg4 16. Qg1 Bg5+ 17. Kb1 Be3 18. Qe1 Bxd4 19. Rxd4 Ne5 20.
f4 Qb6 21. Rd1 Nc4 22. Qg3 O-O-O 23. Bf1 d5 24. Bxc4 dxc4 25. Rhe1 b4 26.
Na4 Qa5 27. b3 Bc6 28. Qe3 Bxa4 29. bxa4 Qxa4 30. Qc5+ Kb8 31. Qb6+ Kc8 32.
Qc5+ Kb8 33. Qb6+ Kc8 34. Qc5+ Kb8 35. Qb6+ Kc8 36. Qc5+ Kb8 37. Qb6+ Kc8
38. Qc5+ Kb8 39. Qb6+ Kc8 { Game drawn by repetition } 1/2-1/2

[Event "ICC tourney 2603 (40 5)"]
[Site "Internet Chess Club"]
[Date "2021.06.12"]
[Round "1"]
[White "YAO, HANCHI:K05-16512998"]
[Black "SHANMUGAM, MEERA:K05-16606945"]
[Result "1-0"]
[ICCResult "Black checkmated"]
[WhiteElo "1636"]
[BlackElo "1225"]
[Opening "QGD: Tartakower (Makagonov-Bondarevsky) system"]
[ECO "D58"]
[NIC "QO.10"]
[Time "11:05:01"]
[PlyCount "103"]
[TimeControl "2400+5"]

1. d4 d5 2. c4 e6 3. Nc3 Be7 4. Nf3 Nf6 5. Bg5 h6 6. Bh4 O-O 7. e3 b6 8.
Qc2 Bb7 9. Rd1 Nbd7 10. a3 c5 11. dxc5 bxc5 12. Be2 Rc8 13. cxd5 Nxd5 14.
Bxe7 Qxe7 15. O-O N7b6 16. Rd2 Rfd8 17. Rfd1 Nxc3 18. Qxc3 Rxd2 19. Qxd2
Nd5 20. Kf1 Kf8 21. Qc2 Nb6 22. Qh7 Ke8 23. Qxg7 Qf8 24. Qf6 Nd7 25. Qf4
Bc6 26. Ba6 Bxf3 27. Qxf3 Rd8 28. Bb5 Qe7 29. Qb7 a5 30. Rxd7 Rxd7 31. Qc8+
Qd8 32. Bxd7+ Ke7 33. Qxd8+ Kxd8 34. Bb5 Kc7 35. Ke2 Kb6 36. a4 Kc7 37. Kd3
Kd6 38. h4 Kd5 39. g4 e5 40. Bc4+ Kd6 41. Bxf7 Kd7 42. g5 Ke7 43. g6 h5 44.
Ke4 Kf6 45. f4 exf4 46. Kxf4 c4 47. e4 Kg7 48. e5 Kf8 49. Kg5 Kg7 50. e6
Kf8 51. Kf6 c3 52. g7# { Black checkmated } 1-0

[Event "ICC tourney 2603 (40 5)"]
[Site "Internet Chess Club"]
[Date "2021.06.12"]
[Round "1"]
[White "DUNIKOV, GLIB:K05-16572317"]
[Black "XIA, RUOXIAO:K05-16025390"]
[Result "1-0"]
[ICCResult "Black forfeits on time"]
[WhiteElo "1502"]
[BlackElo "1921"]
[Opening "Sicilian: wing gambit, Marshall variation"]
[ECO "B20"]
[NIC "SI.48"]
[Time "11:05:14"]
[PlyCount "65"]
[TimeControl "2400+5"]

1. e4 c5 2. b4 cxb4 3. a3 e6 4. d4 Nf6 5. Bd3 Nc6 6. Nf3 d5 7. e5 Nd7 8.
O-O Be7 9. Be3 Nb6 10. Nbd2 Bd7 11. Nb3 Na4 12. axb4 Nc3 13. Qe1 Bxb4 14.
Bd2 Rc8 15. Bxc3 Bxc3 16. Qxc3 Nxe5 17. Qd2 Nxf3+ 18. gxf3 a6 19. Kh1 Qf6
20. Qe3 O-O 21. Rg1 Kh8 22. Rg3 Rc3 23. Rag1 g6 24. Nc5 Bc6 25. Rh3 a5 26.
Rg4 Rg8 27. Rgh4 Rg7 28. Qd2 Ra3 29. Qc1 Rc3 30. Qb2 Rxc5 31. Qa3 g5 32.
Rg4 b6 33. dxc5 { Black forfeits on time } 1-0

[Event "ICC tourney 2603 (40 5)"]
[Site "Internet Chess Club"]
[Date "2021.06.12"]
[Round "1"]
[White "KONDABATHINI, NAMISH:K05-16992657"]
[Black "KANG, DYLAN TAEWOONG:K05-16103622"]
[Result "0-1"]
[ICCResult "White checkmated"]
[WhiteElo "1076"]
[BlackElo "1601"]
[Opening "Robatsch defense: two knights variation"]
[ECO "A40"]
[NIC "KF.05"]
[Time "11:05:03"]
[PlyCount "78"]
[TimeControl "2400+5"]

1. d4 g6 2. e4 Bg7 3. Nf3 d6 4. Nc3 Bd7 5. Be3 Nc6 6. Bb5 a6 7. Bxc6 Bxc6
8. d5 Bd7 9. O-O Nf6 10. Qd2 O-O 11. h3 c6 12. Rad1 b5 13. a3 Rc8 14. Bh6
cxd5 15. exd5 Bf5 16. Bxg7 Kxg7 17. Nd4 Qd7 18. f4 Be4 19. Nxe4 Nxe4 20.
Qd3 Nc5 21. Qc3 Kg8 22. f5 Na4 23. Qb3 Rc4 24. h4 Rfc8 25. fxg6 hxg6 26. h5
Qg4 27. Nc6 Rc7 28. hxg6 Qxg6 29. Rf3 Rg4 30. Rd2 Nc5 31. Qe3 Ne4 32. Rd3
Rxg2+ 33. Kf1 Rxc2 34. Rd4 Qg2+ 35. Ke1 Rc1+ 36. Qxc1 Qxf3 37. Qc2 Qh1+ 38.
Ke2 Qg2+ 39. Kd3 Qf3# { White checkmated } 0-1

[Event "ICC tourney 2603 (40 5)"]
[Site "Internet Chess Club"]
[Date "2021.06.12"]
[Round "1"]
[White "MARIAN, AARON:K05-15799497"]
[Black "GOLSEFIDY, SEPEHR:K05-16686975"]
[Result "0-1"]
[ICCResult "White checkmated"]
[WhiteElo "1400"]
[BlackElo "1882"]
[Opening "Sicilian: Alapin's variation (2.c3)"]
[ECO "B22"]
[NIC "SI.46"]
[Time "11:11:44"]
[PlyCount "64"]
[TimeControl "2400+5"]

1. e4 c5 2. c3 Nf6 3. e5 Nd5 4. d4 Nc6 5. dxc5 e6 6. Nf3 Bxc5 7. c4 Nb6 8.
Bd3 d6 9. exd6 Qxd6 10. O-O O-O 11. b3 Ne5 12. Bf4 Nxf3+ 13. Qxf3 e5 14.
Rd1 exf4 15. Bxh7+ Kxh7 16. Rxd6 Bxd6 17. Qh5+ Kg8 18. c5 Be7 19. cxb6 Bf6
20. Nd2 Bxa1 21. Nf3 Bf6 22. g4 g6 23. Qh3 axb6 24. a4 Rd8 25. Kf1 Be6 26.
Kg1 Rd3 27. Kf1 Bd5 28. g5 Bxf3 29. Kg1 Rd1+ 30. Qf1 Rxf1+ 31. Kxf1 Rd8 32.
gxf6 Rd1# { White checkmated } 0-1

[Event "ICC tourney 2603 (40 5)"]
[Site "Internet Chess Club"]
[Date "2021.06.12"]
[Round "1"]
[White "JIANG, LUCAS:K05-16314627"]
[Black "LIU, NATHAN CHANG:K05-16650672"]
[Result "0-1"]
[ICCResult "White resigns"]
[WhiteElo "1953"]
[BlackElo "1531"]
[Opening "Ruy Lopez: Berlin defense, open variation"]
[ECO "C67"]
[NIC "RL.07"]
[Time "11:05:10"]
[PlyCount "87"]
[TimeControl "2400+5"]

1. e4 e5 2. Nf3 Nc6 3. Bb5 Nf6 4. O-O Nxe4 5. Re1 Nd6 6. Nxe5 Be7 7. Bf1
O-O 8. d4 b6 9. Nf3 Bf6 10. c3 Bb7 11. Bd3 Ne7 12. Nbd2 Ng6 13. Nf1 Re8 14.
Ne3 Nf4 15. Bf1 Nd5 16. Ng4 h6 17. Rxe8+ Qxe8 18. c4 h5 19. Nge5 Ne7 20.
Bd3 g6 21. Bd2 Bxf3 22. Nxf3 Nef5 23. Bc3 c5 24. dxc5 Bxc3 25. cxd6 Bxb2
26. Rb1 Bg7 27. Bxf5 gxf5 28. Rb3 Qe4 29. Qc1 Rc8 30. Nd2 Qe6 31. Rd3 Rc6
32. Re3 Qxd6 33. Re8+ Bf8 34. Nf3 Qf6 35. Ne5 Rd6 36. h3 Kg7 37. Qe3 Re6
38. Qg3+ Kh7 39. Nxd7 Qa1+ 40. Kh2 Bd6 41. f4 Rxe8 42. Qg5 Re6 43. Qxf5+
Kg7 44. Qg5+ { White resigns } 0-1

[Event "ICC tourney 2603 (40 5)"]
[Site "Internet Chess Club"]
[Date "2021.06.12"]
[Round "1"]
[White "KESIREDDY, SAIKARUNYA:K05-16974321"]
[Black "KONG, MILOJAMES:K05-16203724"]
[Result "1-0"]
[ICCResult "Black resigns"]
[WhiteElo "880"]
[BlackElo "1570"]
[Opening "French defense"]
[ECO "C01"]
[NIC "FR.01"]
[Time "11:05:11"]
[PlyCount "79"]
[TimeControl "2400+5"]

1. e4 e6 2. d4 b6 3. Nf3 Bb7 4. Bd3 Nf6 5. Qe2 d5 6. e5 Nfd7 7. O-O c5 8.
c3 Nc6 9. Bf4 Rc8 10. Nbd2 cxd4 11. cxd4 Nb4 12. a3 Nxd3 13. Qxd3 Nb8 14.
b4 Be7 15. b5 O-O 16. Rac1 f6 17. Bg3 fxe5 18. Nxe5 Nd7 19. Ndf3 Nf6 20.
Ng5 Rxc1 21. Rxc1 Bc8 22. Nc6 Qd7 23. Be5 g6 24. Nb8 Qd8 25. Rc7 Ng4 26.
Nc6 Nxe5 27. Rxc8 Nxd3 28. Rxd8 Rxd8 29. Nxe7+ Kf8 30. Nc6 Rd6 31. Nxa7 Nc1
32. Nxh7+ Kg7 33. Ng5 Nb3 34. Nc6 Kf6 35. Nf3 Na5 36. Nfe5 Nc4 37. a4 Nb2
38. a5 bxa5 39. Nxa5 Rb6 40. Nd7+ { Black resigns } 1-0

[Event "ICC tourney 2603 (40 5)"]
[Site "Internet Chess Club"]
[Date "2021.06.12"]
[Round "1"]
[White "SAKALIYSKI, CHRISTOPHER KIRILOV:K05-16115040"]
[Black "KAZAN, JUDE:K05-16350155"]
[Result "0-1"]
[ICCResult "White checkmated"]
[WhiteElo "1345"]
[BlackElo "1712"]
[Opening "English, 1...Nf6 (Anglo-Indian defense)"]
[ECO "A15"]
[NIC "EO.64"]
[Time "11:10:50"]
[PlyCount "86"]
[TimeControl "2400+5"]

1. c4 Nf6 2. g3 g6 3. Bg2 Bg7 4. d3 Nc6 5. Nc3 O-O 6. e4 d6 7. Nge2 e5 8.
O-O a5 9. h3 Nd7 10. Be3 Nd4 11. Qd2 f5 12. f4 fxe4 13. dxe4 Nxe2+ 14. Nxe2
exf4 15. Bxf4 Nc5 16. Nd4 Bxd4+ 17. Qxd4 Ne6 18. Qd2 Nxf4 19. gxf4 Be6 20.
b3 Qh4 21. Qe3 Rae8 22. Rae1 Bf5 23. Kh2 Bd7 24. e5 Qe7 25. Bd5+ Kg7 26.
Qd4 dxe5 27. Rxe5 Qf6 28. Rfe1 Rxe5 29. fxe5 Qf2+ 30. Qxf2 Rxf2+ 31. Kg3
Rxa2 32. Bxb7 Ra3 33. Re3 a4 34. e6 Be8 35. Kf4 Rxb3 36. Rxb3 axb3 37. Ke5
c6 38. Kd6 b2 39. Bxc6 Bxc6 40. Kxc6 b1=Q 41. Kd7 Qd3+ 42. Ke8 Qxc4 43. e7
Qc8# { White checkmated } 0-1

[Event "ICC tourney 2603 (40 5)"]
[Site "Internet Chess Club"]
[Date "2021.06.12"]
[Round "1"]
[White "TESSIORE, LUCA GIORGIO:K05-17347744"]
[Black "YANG, ALEXANDER:K05-16917728"]
[Result "1-0"]
[ICCResult "Black checkmated"]
[WhiteElo "1914"]
[BlackElo "1495"]
[Opening "Benoni: 6.e4"]
[ECO "A65"]
[NIC "BI.38"]
[Time "11:05:00"]
[PlyCount "89"]
[TimeControl "2400+5"]

1. d4 Nf6 2. c4 c5 3. d5 e6 4. Nc3 exd5 5. cxd5 d6 6. e4 g6 7. Bd3 Bg7 8.
Nf3 O-O 9. h3 Re8 10. O-O Nbd7 11. Bf4 Qb6 12. Qc2 a6 13. Nd2 Qc7 14. Nc4
Ne5 15. Bxe5 dxe5 16. a4 Nh5 17. d6 Qd7 18. Nd5 Nf4 19. Nc7 Nxg2 20. Nxe8
Qxh3 21. f3 Nf4 22. Qh2 Nxd3 23. Nxg7 Kxg7 24. Rad1 Nf4 25. Nb6 Rb8 26. d7
Bxd7 27. Nxd7 Re8 28. Qxh3 Nxh3+ 29. Kh2 Nf4 30. Nxc5 Rc8 31. Rc1 Ne2 32.
Ne6+ fxe6 33. Rxc8 Nf4 34. Rc7+ Kh6 35. Rxb7 Nd3 36. b4 Nf4 37. b5 Kg5 38.
bxa6 h5 39. a7 Kh4 40. a8=Q g5 41. Rg1 Nh3 42. Rg3 g4 43. Qd8+ Ng5 44.
Rxg4+ hxg4 45. Rh7# { Black checkmated } 1-0

[Event "ICC tourney 2603 (40 5)"]
[Site "Internet Chess Club"]
[Date "2021.06.12"]
[Round "1"]
[White "WANG, ALEXANDER J:K05-15983386"]
[Black "BIRD, BRIAN:K05-15768143"]
[Result "0-1"]
[ICCResult "White resigns"]
[WhiteElo "2124"]
[BlackElo "1531"]
[Opening "Caro-Kann: Tartakower (fantasy) variation"]
[ECO "B12"]
[NIC "CK.02"]
[Time "11:05:07"]
[PlyCount "68"]
[TimeControl "2400+5"]

1. e4 c6 2. d4 d5 3. f3 dxe4 4. fxe4 e5 5. Nf3 exd4 6. Bc4 Be6 7. Bxe6 fxe6
8. Ng5 Nf6 9. e5 Qa5+ 10. Kf2 Qxe5 11. Re1 Qf5+ 12. Kg1 e5 13. Qxd4 Nbd7
14. Qc4 Bc5+ 15. Kh1 Ng4 16. Ne4 Be7 17. Nbc3 Nb6 18. Qd3 O-O 19. Be3 Nxe3
20. Rxe3 Rad8 21. Qe2 Bf6 22. Rf1 Qe6 23. Nxf6+ Rxf6 24. Re1 Rdf8 25. Rxe5
Qxe5 26. Ne4 Qxe4 27. h3 Qxe2 28. Rxe2 Rf1+ 29. Kh2 Rb1 30. c3 Na4 31. b3
Nxc3 32. Re7 Rb8 33. Re3 Nxa2 34. Kg3 Nc1 { White resigns } 0-1

[Event "ICC tourney 2603 (40 5)"]
[Site "Internet Chess Club"]
[Date "2021.06.12"]
[Round "1"]
[White "VEMPARALA, NIKASH:K05-16438800"]
[Black "RALLABANDI, SAHASRAK:K05-16751997"]
[Result "0-1"]
[ICCResult "White checkmated"]
[WhiteElo "1684"]
[BlackElo "1306"]
[Opening "Giuoco Piano"]
[ECO "C54"]
[NIC "IG.02"]
[Time "11:05:01"]
[PlyCount "70"]
[TimeControl "2400+5"]

1. e4 e5 2. Nf3 Nc6 3. Bc4 Bc5 4. c3 Nf6 5. d3 h6 6. O-O O-O 7. Nbd2 d5 8.
exd5 Nxd5 9. Re1 Re8 10. Ne4 Bb6 11. a4 a5 12. Qb3 Be6 13. Ng3 Nf4 14. Bxf4
exf4 15. Bxe6 Rxe6 16. Rxe6 fxe6 17. Qxe6+ Kh8 18. Nh5 Qxd3 19. Nxf4 Qc2
20. Qe2 Qf5 21. Nd3 Rd8 22. Rd1 Rd6 23. Kf1 Re6 24. Qd2 Rd6 25. Qe2 Re6 26.
Qc2 Ne5 27. Nfxe5 Rxe5 28. Qd2 Rd5 29. Qe2 c5 30. f3 c4 31. Nf2 Re5 32.
Qxc4 Qc2 33. Qh4 Qe2+ 34. Kg1 Qe1+ 35. Rxe1 Rxe1# { White checkmated } 0-1

[Event "ICC tourney 2603 (40 5)"]
[Site "Internet Chess Club"]
[Date "2021.06.12"]
[Round "1"]
[White "KURUP, SIDDHARTH:K05-16282415"]
[Black "LIU, ERIC CHANG:K05-16650666"]
[Result "0-1"]
[ICCResult "White checkmated"]
[WhiteElo "1528"]
[BlackElo "2045"]
[Opening "Dutch defense, Rubinstein variation"]
[ECO "A40"]
[NIC "QO.17"]
[Time "11:05:01"]
[PlyCount "160"]
[TimeControl "2400+5"]

1. d4 e6 2. c4 f5 3. Nc3 Nf6 4. Nf3 Bb4 5. Qc2 O-O 6. e3 b6 7. Bd3 Bb7 8.
Be2 Ne4 9. Bd2 Bxc3 10. Bxc3 Qe7 11. O-O d6 12. Rfd1 Nd7 13. d5 Nxc3 14.
Qxc3 e5 15. g3 g5 16. h4 h6 17. hxg5 hxg5 18. Kg2 Qg7 19. Rg1 Nf6 20. Qb3
Ne4 21. Bd3 Nc5 22. Qc3 Nxd3 23. Nxg5 Qxg5 24. Qxd3 e4 25. Qd4 Qf6 26. Qxf6
Rxf6 27. Rh1 Kg7 28. Rh4 Rh8 29. Rxh8 Kxh8 30. Rh1+ Kg7 31. Kf1 Rh6 32. Rg1
Kf6 33. Ke2 c6 34. dxc6 Bxc6 35. Rd1 Ke5 36. b3 d5 37. cxd5 Bb5+ 38. Kd2
Rh2 39. Kc3 Bd3 40. f4+ Kxd5 41. Rg1 a5 42. b4 a4 43. b5 Kc5 44. Rc1 Rf2
45. a3 Re2 46. g4 fxg4 47. f5 g3 48. f6 g2 49. f7 Rf2 50. f8=Q+ Rxf8 51.
Rg1 Rf2 52. Rxg2 Rc2+ 53. Rxc2 Bxc2 54. Kxc2 Kc4 55. Kd2 Kb3 56. Ke2 Kxa3
57. Kf2 Kb2 58. Kg3 a3 59. Kf4 a2 60. Kxe4 a1=Q 61. Kd5 Qc1 62. e4 Qc5+ 63.
Ke6 Qxb5 64. e5 Qc6+ 65. Kf7 b5 66. e6 b4 67. e7 b3 68. e8=Q Qxe8+ 69. Kxe8
Kc3 70. Kd7 b2 71. Kc6 b1=Q 72. Kc5 Qb7 73. Kd6 Kd4 74. Ke6 Qd5+ 75. Kf6
Qe5+ 76. Kf7 Qd6 77. Kg8 Qe7 78. Kh8 Ke5 79. Kg8 Kf6 80. Kh8 Qg7# { White
checkmated } 0-1

[Event "ICC tourney 2603 (40 5)"]
[Site "Internet Chess Club"]
[Date "2021.06.12"]
[Round "1"]
[White "MORITANI, SHO:K05-16760848"]
[Black "RAJARAM, ROHAN:K05-15739716"]
[Result "1-0"]
[ICCResult "Black checkmated"]
[WhiteElo "1456"]
[BlackElo "1905"]
[Opening "Sicilian defense"]
[ECO "B40"]
[NIC "SI.43"]
[Time "11:05:08"]
[PlyCount "115"]
[TimeControl "2400+5"]

1. e4 c5 2. Nf3 e6 3. g3 Nc6 4. Bg2 Be7 5. O-O Nf6 6. Nc3 O-O 7. Re1 d6 8.
d4 cxd4 9. Nxd4 e5 10. Nde2 Be6 11. Bg5 h6 12. Bxf6 Bxf6 13. Nd5 Nd4 14.
Nec3 Rc8 15. Rc1 b5 16. a3 a5 17. h4 g6 18. Ne3 h5 19. Ncd5 Bg7 20. c3 Nc6
21. Qd3 Rb8 22. Rc2 Qc8 23. Rd1 Rd8 24. b4 Bf8 25. Kh2 Ne7 26. c4 Bxd5 27.
cxd5 Qa6 28. Bh3 Nc8 29. Rc6 Nb6 30. Rdc1 Rb7 31. Kg2 Ra8 32. Nc2 Qa7 33.
Qxb5 axb4 34. axb4 Na4 35. Qd3 Rb6 36. Ra1 Qb7 37. Rxb6 Qxb6 38. Qd2 Qb5
39. Ne3 Bh6 40. Rb1 Rc8 41. Bxc8 Nb6 42. Rc1 Qe8 43. Bb7 Qd7 44. Bc6 Qa7
45. Qd3 Qa2 46. Rc2 Qb1 47. Nc4 Qxb4 48. Nxb6 Qxb6 49. Qf3 Kg7 50. Be8 f6
51. Bd7 Qa7 52. Be6 Qa4 53. Rc8 g5 54. Rg8+ Kh7 55. Qxh5 Qxe4+ 56. Kh2 Qc2
57. Qf7+ Bg7 58. Qxg7# { Black checkmated } 1-0

[Event "ICC tourney 2603 (40 5)"]
[Site "Internet Chess Club"]
[Date "2021.06.12"]
[Round "1"]
[White "RAO, ANJANEYA SRIPATHY:K05-16442373"]
[Black "LI, JINGTU OSCAR:K05-16113408"]
[Result "0-1"]
[ICCResult "White forfeits on time"]
[WhiteElo "1898"]
[BlackElo "1449"]
[Opening "Sicilian: dragon, classical, 8.O-O"]
[ECO "B73"]
[NIC "SI.33"]
[Time "11:05:00"]
[PlyCount "68"]
[TimeControl "2400+5"]

1. e4 c5 2. Nf3 Nc6 3. d4 cxd4 4. Nxd4 g6 5. Nc3 Bg7 6. Be3 d6 7. Be2 Nf6
8. O-O O-O 9. f4 Qb6 10. Qd3 Ng4 11. Nd5 Bxd4 12. Nxb6 Bxe3+ 13. Kh1 Bxb6
14. Bxg4 Bxg4 15. h3 Bd7 16. c3 Rac8 17. b3 Rc7 18. f5 Ne5 19. Qg3 Rfc8 20.
c4 Bc5 21. Rad1 b5 22. fxg6 hxg6 23. Qh4 Bc6 24. Rc1 Kg7 25. Qf4 bxc4 26.
bxc4 Be8 27. Rc2 Bb6 28. Qg5 f6 29. Qd2 Rxc4 30. Rxc4 Rxc4 31. Rc1 Rxc1+
32. Qxc1 Bd7 33. Kh2 Nd3 34. Qc3 Nc5 { White forfeits on time } 0-1

[Event "ICC tourney 2603 (40 5)"]
[Site "Internet Chess Club"]
[Date "2021.06.12"]
[Round "1"]
[White "ZIEGLER, NATE:K05-15967852"]
[Black "PEYTON, NATHAN:K05-16452322"]
[Result "1/2-1/2"]
[ICCResult "Game drawn by mutual agreement"]
[WhiteElo "1873"]
[BlackElo "1363"]
[Opening "QGD Slav: 4.e3 Bf5"]
[ECO "D12"]
[NIC "QP.08"]
[Time "11:05:35"]
[PlyCount "132"]
[TimeControl "2400+5"]

1. d4 d5 2. Nf3 Nf6 3. e3 Bf5 4. c4 c6 5. Qb3 Qb6 6. Nc3 e6 7. Be2 Qxb3 8.
axb3 Bb4 9. O-O Nbd7 10. Bd2 Bc2 11. Nb5 cxb5 12. Bxb4 bxc4 13. bxc4 dxc4
14. Bxc4 Nd5 15. Bd6 a6 16. Rfc1 Be4 17. Nd2 Bg6 18. Bxd5 exd5 19. Rc7 Rb8
20. Rac1 Nb6 21. Re7+ Kd8 22. Rxf7 Bxf7 23. Bxb8 Na8 24. Nf3 Ke7 25. Bf4
Be6 26. Ne5 Rc8 27. Bg5+ Ke8 28. Rxc8+ Bxc8 29. Kf1 Nc7 30. Ke2 Bd7 31.
Nxd7 Kxd7 32. Bf4 Ne6 33. Be5 b5 34. Kd3 g6 35. f3 a5 36. e4 Kc6 37. f4 a4
38. exd5+ Kxd5 39. Kc3 h5 40. Kb4 Kc6 41. d5+ Kxd5 42. Kxb5 Nc5 43. h3 h4
44. Bf6 Nd3 45. Kxa4 Nxf4 46. Bxh4 Nxg2 47. Bg3 Kc6 48. b4 Ne3 49. b5+ Kb7
50. Ka5 Nf5 51. Bf4 Ng7 52. Be5 Ne6 53. b6 Nd8 54. Kb5 Ne6 55. Bd6 Nd8 56.
h4 Nf7 57. Be7 Ne5 58. Bg5 Nd7 59. Bd8 Ne5 60. Kc5 Nf3 61. Bf6 Nd2 62. Bd8
Nf3 63. Be7 Nd2 64. Bg5 Nf3 65. Bd8 Nd2 66. Kd5 Nf3 { Game drawn by mutual
agreement } 1/2-1/2

[Event "ICC tourney 2603 (40 5)"]
[Site "Internet Chess Club"]
[Date "2021.06.12"]
[Round "1"]
[White "ARAVINDAKSHAN, SAHANA:K05-16741147"]
[Black "KASHYAP, MAHATIB:K05-16792961"]
[Result "0-1"]
[ICCResult "White checkmated"]
[WhiteElo "1587"]
[BlackElo "1033"]
[Opening "QGD: exchange, positional line, 5...c6"]
[ECO "D35"]
[NIC "QO.16"]
[Time "11:05:03"]
[PlyCount "158"]
[TimeControl "2400+5"]

1. d4 d5 2. c4 e6 3. Nc3 Nf6 4. cxd5 exd5 5. Bg5 c6 6. e3 Bf5 7. Bd3 Bxd3
8. Qxd3 Nbd7 9. Nge2 Bd6 10. O-O O-O 11. Rac1 h6 12. Bf4 Nb6 13. b3 Re8 14.
Rfd1 Qe7 15. Bxd6 Qxd6 16. Ng3 Ng4 17. h3 Nf6 18. Nf5 Qe6 19. Ng3 Nc8 20.
Na4 Nd7 21. Nf5 Nd6 22. Nxd6 Qxd6 23. Nc5 Nxc5 24. dxc5 Qe6 25. Qd4 Rad8
26. Qb4 Qe7 27. Rd4 Qc7 28. Rcd1 b6 29. cxb6 axb6 30. Qc3 Re7 31. Rg4 g6
32. Rgd4 Red7 33. Qd2 Qb7 34. e4 Kg7 35. Qc3 Kh7 36. exd5 Rxd5 37. Rxd5
Rxd5 38. Re1 Rd7 39. Re8 g5 40. Qf6 Rd1+ 41. Kh2 Qc7+ 42. Qe5 Qxe5+ 43.
Rxe5 Rd2 44. Rf5 Kg6 45. Rf3 Rxa2 46. Rc3 c5 47. Kg3 Kf5 48. Kf3 Ke5 49.
Rd3 f5 50. g4 f4 51. Kg2 Ra3 52. Rf3 Ke4 53. Rc3 Ra2 54. Rf3 Ra3 55. Rc3
Kd4 56. Rf3 b5 57. Kf1 c4 58. Ke2 Rxb3 59. Rxb3 cxb3 60. Kd2 b4 61. Kc1 Kc3
62. Kb1 b2 63. f3 Kd3 64. Kxb2 Ke3 65. Kb3 Kxf3 66. Kxb4 Kg2 67. Kc3 Kxh3
68. Kd3 Kxg4 69. Ke2 Kg3 70. Kf1 Kf3 71. Kg1 Ke2 72. Kg2 f3+ 73. Kg1 f2+
74. Kg2 f1=Q+ 75. Kh2 Qf4+ 76. Kg2 h5 77. Kh3 Qg4+ 78. Kh2 Kf2 79. Kh1 Qg2#
{ White checkmated } 0-1